 Dungeon Crawl Stone Soup version 0.27.0-1-g7a089689b8 (webtiles) character file.

Game seed: 3012940190147012723

223 freelancePsychic the Digger (level 5, -1/28 HPs)
             Began as a Deep Elf Earth Elementalist on Aug 16, 2021.
             Slain by an orc (2 damage)
             ... on level 3 of the Dungeon.
             The game lasted 00:03:49 (2435 turns).

freelancePsychic the Digger (DEEE)                  Turns: 2435, Time: 00:03:49

Health: -1/28      AC:  2    Str:  5    XL:     5   Next: 66%
Magic:  6/11       EV: 12    Int: 21    God:
Gold:   72         SH:  0    Dex: 15    Spells: 6/10 levels left

rFire    . . .     SeeInvis .   (no weapon)
rCold    . . .     Faith    .   (no shield)
rNeg     . . .     Spirit   .   b - +0 robe
rPois    .         Reflect  .   (no helmet)
rElec    .         Harm     .   (no cloak)
rCorr    .         Rampage  .   (no gloves)
Will     .....                  (no boots)
Stlth    ++........             (no amulet)
HPRegen  0.09/turn              (no ring)
MPRegen  0.12/turn              (no ring)

@: very slightly contaminated
A: no striking features
a: no special abilities


You were on level 3 of the Dungeon.
You visited 1 branch of the dungeon, and saw 4 of its levels.

You collected 72 gold pieces.

Inventory:

Missiles
 c - 49 stones
Armour
 b - a +0 robe (worn)
Jewellery
 a - a ring of protection from cold
Scrolls
 d - 4 scrolls of identify {unknown}
 g - 2 scrolls of teleportation {unknown}
 h - a scroll of immolation {unknown}
 j - a scroll of noise {unknown}
Potions
 e - 2 potions of magic {unknown}
 f - a potion of might {unknown}
 i - 2 potions of mutation {unknown}
 k - 2 potions of flight {unknown}


   Skills:
 + Level 0.0 Fighting
 - Level 2.4 Dodging
 - Level 2.4 Stealth
 - Level 3.0 Spellcasting
 + Level 4.2 Conjurations
 - Level 1.1 Transmutations
 + Level 5.5 Earth Magic


You had 6 spell levels left.
You knew the following spells:

 Your Spells              Type           Power      Damage    Failure   Level
a - Sandblast             Erth           52%        2d12      1%          1
b - Stone Arrow           Conj/Erth      46%        3d9       5%          3

Your spell library contained the following spells:

 Spells                   Type           Power      Damage    Failure   Level
 Passwall                 Tmut/Erth      14%        N/A       5%          2
 Freeze                   Ice            12%        1d4       13%         1
 Mephitic Cloud           Conj/Pois/Air  9%         N/A       22%         3
 Ignite Poison            Fire/Tmut/Pois 4%         N/A       34%         3
 Petrify                  Tmut/Erth      17%        N/A       34%         4
 Frozen Ramparts          Ice            6%         1d2       36%         3
 Hailstorm                Conj/Ice       11%        3d5       50%         4
 Bolt of Magma            Conj/Fire/Erth 8%         4d6       69%         5


Dungeon Overview and Level Annotations

Branches:
Dungeon (4/15)
 Temple: D:4-7

Altars:

Shops:
D:1 =

Annotations:
D:2 exclusions: orc and orc priest


Message History

Press: ? - help, Shift-Dir - straight line, f - orc priest
Aim: an orc priest, wielding a +2 flail of protection and wearing a +0 leather armour (81% to hit)
The blast of sand hits the orc priest but does no damage.
The orc priest mumbles some strange prayers to Beogh against you.
Pain shoots through your body!
Casting: Sandblast (safe; 1% risk of failure)
Confirm with . or Enter, or press ? or * to list all spells.
Aiming: Sandblast (safe; 1% risk of failure)
Press: ? - help, Shift-Dir - straight line, f/p - orc priest
Aim: an orc priest, wielding a +2 flail of protection and wearing a +0 leather armour (81% to hit)
The blast of sand hits the orc priest but does no damage.
Casting: Sandblast (safe; 1% risk of failure)
Confirm with . or Enter, or press ? or * to list all spells.
Aiming: Sandblast (safe; 1% risk of failure)
Press: ? - help, Shift-Dir - straight line, f/p - orc priest
Aim: an orc priest, wielding a +2 flail of protection and wearing a +0 leather armour (81% to hit)
The blast of sand hits the orc priest but does no damage.
The orc priest closely misses you. The orc barely misses you.
Casting: Sandblast (safe; 1% risk of failure)
Confirm with . or Enter, or press ? or * to list all spells.
Aiming: Sandblast (safe; 1% risk of failure)
Press: ? - help, Shift-Dir - straight line, f/p - orc priest
Aim: an orc priest, wielding a +2 flail of protection and wearing a +0 leather armour (81% to hit)
You miscast Sandblast.
You are very lightly contaminated with residual magic.
Nothing appears to happen.
The orc priest hits you with a +2 flail of protection.
The orc closely misses you.
Casting: Sandblast (safe; 1% risk of failure)
Confirm with . or Enter, or press ? or * to list all spells.
Aiming: Sandblast (safe; 1% risk of failure)
Press: ? - help, Shift-Dir - straight line, f/p - orc priest
Aim: an orc priest, wielding a +2 flail of protection and wearing a +0 leather armour (81% to hit)
The blast of sand hits the orc priest but does no damage.
The orc priest invokes the aid of Beogh against you.
Beogh smites you!
Ouch! That really hurt!
* * * LOW HITPOINT WARNING * * *
The orc hits you with a +0 flail.
You die...

#..# ## ##.# ##.. #.# ####
#####..########)# #..#
#..........##...# #..##
#..........#..### #...# #
#..........#.########...###..
#............#.....###......#
#.......o..o@..###.##....####
####..†.###o#### #........#
#...#...##)# #....##.#..###
#.#.#....#.####)#####.#.....
##.#.##o#.....#.. #.......
##....##......... ##...###
#..######....#### ###...#
#### #..#..# #.....#
###.##.o# #.....###


You could see an orc priest and 2 orcs.

Vanquished Creatures
  An ogre (D:4)
  A hound (D:2)
  3 gnolls (D:3)
  2 adders (D:3)
  A worm (D:2)
  3 dart slugs
  An orc (D:3)
  2 ball pythons (D:1)
  5 endoplasms
  A giant cockroach (D:2)
  7 goblins
  5 hobgoblins
  3 kobolds
  2 quokkas (D:2)
  6 bats
  2 frilled lizards
  8 rats
53 creatures vanquished.

Notes
Turn   | Place    | Note
-------+----------+-------------------------------------------
     0 | D:1      | freelancePsychic the Deep Elf Earth Elementalist began the
                  | quest for the Orb.
     0 | D:1      | Reached XP level 1. HP: 10/10 MP: 6/6
   144 | D:1      | Reached skill level 1 in Conjurations
   273 | D:1      | Reached XP level 2. HP: 15/15 MP: 5/8
   663 | D:1      | Found Sutirur's Jewellery Shop.
  1014 | D:2      | Reached skill level 4 in Earth Magic
  1052 | D:2      | Reached XP level 3. HP: 17/19 MP: 5/9
  1230 | D:2      | Learned a level 3 spell: Stone Arrow
  1400 | D:2      | Found a faded altar of an unknown god.
  1450 | D:2      | Reached XP level 4. HP: 24/24 MP: 8/10
  2216 | D:3      | Reached skill level 5 in Earth Magic
  2377 | D:4      | Noticed an ogre
  2384 | D:4      | Killed an ogre
  2385 | D:4      | Reached XP level 5. HP: 27/28 MP: 8/11
  2435 | D:3      | HP: 1/28 [orc priest/divine providence (16)]
  2435 | D:3      | Slain by an orc

Illustrated notes

Levels and vault maps discovered:
D:1:      scummos_arrival_gate, layout_loops_ring, serial_shops,
          nicolae_shop_trees
D:2:      layout_loops_corners, shapermc_ecumenical_altar_ellora,
          minmay_heptomino_w4
D:3:      cheibrodos_thug_alley, layout_rooms, serial_shops, nicolae_shop_trees,
          grunt_ministairs_7
D:4:      layout_gridville

Skill      XL: |  1  2  3  4 |
---------------+-------------+-----
Conjurations   | 1 2 4 |  4.2
Earth Magic    | 4 5 |  5.5
Dodging        | |  2.4
Stealth        | |  2.4
Spellcasting   | |  3.0
Transmutations | |  1.1

Action                   |  1- 3 |  4- 6 || total
-------------------------+-------+-------++-------
 Cast: Sandblast         |    43 |    38 ||    81
       Stone Arrow       |       |     1 ||     1
Armor: Robe              |     4 |     1 ||     5
Dodge: Dodged            |     3 |     8 ||    11
